AoeStats
← ERIKXG20

Arena

510448594Analyzed
4v4 RM · 1d ago on Oct 1, 2026· 46m 21s· 8 players
Game mode
Random Map
Map size
Large (8 player)
Population
200
Speed
Normal
Resources
Standard
Victory
Conquest
Starting age
Dark Age
Ending age
Imperial Age
RankedLock teamsTeams togetherTeam positionsShared explorationLock speedFull tech treeHidden civsTurbo modeCheats
Victory
Defeat
🇲🇽 Romans · Mexico
920
+13
🇨🇱 Mongols · Chile
891
+14
🇨🇳 Magyars · China
872
+15
🇲🇽 Franks · Mexico
867
+15
🇨🇱 Bohemians · Chile
953
-18
820
-13
🇨🇳 Franks · China
820
-13
🇭🇰 Gurjaras · Hong Kong SAR China
817
-13
rick_m94
9:40 Feudal Age
15:19 Castle Age
21:29 Double-Bit Axe
23:03 Scale Barding Armor
23:37 Wheelbarrow
23:40 Husbandry
24:55 Bow Saw
26:13 Hand Cart
26:52 Forging
30:14 Chain Barding Armor
30:31 Iron Casting
31:54 Gold Mining
35:36 Treadmill Crane
36:17 Ballistics
36:07 Fortified Wall
39:30 Imperial Age
36:49 Town Watch
36:50 Loom
37:31 Pikeman
37:57 Gambesons
38:12 Squires
38:14 Scale Mail Armor
38:39 Town Patrol
39:29 Gold Shaft Mining
38:46 Stone Mining
38:56 Murder Holes
40:35 Chivalry
40:56 Conscription
41:20 Plate Barding Armor
41:46 Blast Furnace
40:08 Cavalier
41:43 Paladin
43:46 Chemistry
43:01 Halberdier
the._.voice
7:59 Feudal Age
8:34 Double-Bit Axe
13:14 Wheelbarrow
16:05 Castle Age
16:59 Loom
17:52 Hand Cart
18:11 Fletching
23:39 Bodkin Arrow
29:58 Forging
31:05 Scale Barding Armor
35:15 Light Cavalry
43:27 Squires
43:11 Pikeman
43:37 Arson
ERIKXG20
2:56 Loom
12:03 Feudal Age
12:39 Double-Bit Axe
20:24 Castle Age
21:28 Fletching
23:17 Ballistas
27:08 Bodkin Arrow
31:18 Bow Saw
33:21 Horse Collar
36:10 Wheelbarrow
38:10 Imperial Age
36:30 Masonry
36:26 Heavy Plow
38:45 Ballistics
40:26 Chemistry
39:57 Gold Mining
40:16 Heavy Scorpion
41:56 Wheelbarrow
42:58 Gold Shaft Mining
43:48 Forging
知行
11:22 Feudal Age
15:35 Castle Age
14:20 Horse Collar
17:27 Fletching
17:38 Padded Archer Armor
22:12 Loom
24:42 Bloodlines
26:56 Wheelbarrow
33:07 Imperial Age
32:08 Ballistics
31:57 Bodkin Arrow
32:17 Leather Archer Armor
32:38 Double-Bit Axe
34:55 Chemistry
33:18 Heavy Cavalry Archer
35:47 Bracer
36:17 Ring Archer Armor
36:19 Parthian Tactics
38:19 Corvinian Army
38:44 Conscription
39:12 Hand Cart
39:24 Elite Magyar Huszar
40:54 Recurve Bow
41:02 Recurve Bow
40:59 Gold Mining
40:59 Stone Mining
42:05 Scale Barding Armor
42:04 Caravan
42:34 Coinage
42:53 Husbandry
Calcetin
10:45 Feudal Age
15:27 Castle Age
14:08 Double-Bit Axe
14:06 Horse Collar
15:00 Loom
15:54 Wheelbarrow
19:48 Chemistry
24:35 Imperial Age
hckwok823
9:36 Feudal Age
14:20 Castle Age
13:14 Double-Bit Axe
13:43 Loom
16:22 Horse Collar
24:55 Bow Saw
25:27 Wheelbarrow
28:38 Hand Cart
28:24 Town Watch
29:01 Heavy Plow
29:26 Gold Mining
30:40 Scale Barding Armor
30:50 Bloodlines
30:49 Stone Mining
31:51 Husbandry
32:20 Chain Barding Armor
33:52 Gold Shaft Mining
38:32 Imperial Age
41:29 Crop Rotation
42:39 Chemistry
42:17 Plate Barding Armor
42:17 Forging
42:46 Conscription
42:32 Kshatriyas
42:59 Frontier Guards
42:38 Light Cavalry
43:25 Hussar
45:54 Iron Casting
45:16 Fletching
45:27 Padded Archer Armor
46:00 Thumb Ring
此身为剑所天成
5:54 Loom
10:45 Feudal Age
14:25 Horse Collar
15:35 Double-Bit Axe
21:31 Castle Age
23:51 Bow Saw
27:20 Imperial Age
25:32 Wheelbarrow
25:35 Gold Mining
25:35 Stone Mining
26:12 Heavy Plow
27:10 Hand Cart
27:23 Treadmill Crane
29:23 Forging
29:19 Scale Barding Armor
31:31 Two-Man Saw
32:14 Crop Rotation
33:58 Chemistry
33:19 Ballistics
33:11 Fortified Wall
32:57 Murder Holes
35:54 Gold Shaft Mining
35:54 Stone Shaft Mining
39:34 Iron Casting
39:19 Chain Barding Armor
38:49 Elite Skirmisher
39:37 Thumb Ring
40:35 Hoardings
40:11 Cavalier
40:52 Husbandry
笨手笨脚还爱玩
0:30 Loom
11:17 Feudal Age
16:02 Castle Age
14:55 Double-Bit Axe
22:17 Fletching
25:38 Wheelbarrow
27:40 Hand Cart
32:12 Scale Barding Armor
38:50 Imperial Age
37:47 Chain Barding Armor
37:38 Forging
38:32 Bow Saw
38:49 Bodkin Arrow
38:55 Padded Archer Armor
39:39 Squires
39:04 Cavalier
39:56 Husbandry
41:59 Plate Barding Armor
42:00 Iron Casting
42:59 Conscription
Connection lost

Rejoining the realm…

Still unreachable

The connection could not be restored.

Session expired

The server has moved on; the page needs a fresh start.